 Dungeon Crawl Stone Soup version 0.26-a0-597-gb535b0901c (webtiles) character file.

Game seed: 12224660608112084383

7900 HoaS the Cruncher (level 11, -12/74 (75) HPs)
             Began as a Formicid Fighter on Aug 31, 2020.
             Was a High Priest of Makhleb.
             Mangled by Snorg (13 damage)
             ... on level 10 of the Dungeon.
             The game lasted 00:24:13 (10254 turns).

HoaS the Cruncher (Formicid Fighter)               Turns: 10254, Time: 00:24:14

HP:   -12/74 (75)   AC: 16    Str: 24    XL:     11   Next: 45%
MP:   11/11         EV:  9    Int:  8    God:    Makhleb [*****.]
Gold: 703           SH: 24    Dex: 16    Spells: 10/10 levels left

rFire    . . .     SeeInvis +   w - +0 lajatang
rCold    . . .     Faith    .   G - +0 tower shield (curse)
rNeg     . . .     Spirit   .   F - +0 plate armour
rPois    .         Reflect  +   (helmet unavailable)
rElec    .         Harm     .   x - +1 cloak
rCorr    .                      t - +1 pair of gloves
MR       +....                  J - +0 pair of boots
Stlth    ..........             n - amulet of reflection
HPRegen  0.22/turn              c - +4 ring of evasion
MPRegen  0.12/turn              C - +6 ring of dexterity

@: mighty
A: permanent stasis, dig shafts and tunnels, four strong arms, antennae 3
a: Dig, Shaft Self, Minor Destruction, Lesser Servant of Makhleb, Major
Destruction, Greater Servant of Makhleb, Renounce Religion


You were on level 10 of the Dungeon.
You worshipped Makhleb.
Makhleb was extremely pleased with you.
You visited 2 branches of the dungeon, and saw 11 of its levels.
You also visited: Sewer and Ossuary.

You collected 703 gold pieces.

Inventory:

Hand Weapons
 e - a +0 hand crossbow
 q - a +1 quarterstaff
 w - a +0 lajatang (weapon)
Missiles
 b - 112 bolts
Armour
 t - a +1 pair of gloves (worn)
 x - a +1 cloak (worn)
 F - a +0 plate armour (worn)
 G - a cursed +0 tower shield (worn)
 J - a +0 pair of boots (worn)
Jewellery
 c - a +4 ring of evasion (left hand)
 k - an uncursed ring of resist corrosion
 n - an amulet of reflection (around neck)
 C - a +6 ring of dexterity (right hand)
Wands
 a - a wand of iceblast (24)
 o - a wand of disintegration (14)
 p - a wand of random effects (17)
 u - a wand of polymorph (21)
 A - a wand of flame (31)
 B - a wand of acid (10)
 H - a wand of paralysis (4)
Scrolls
 i - 6 scrolls of remove curse
 l - 2 scrolls of fog
 s - 2 scrolls of identify
 y - a scroll of magic mapping
 I - a scroll of acquirement {unknown}
Potions
 d - 4 potions of might
 f - 2 potions of magic {unknown}
 g - 6 potions of heal wounds
 h - 12 potions of curing
 j - 6 potions of lignification
 m - 4 potions of degeneration {unknown}
 r - 6 potions of flight
 v - 3 potions of stabbing
 z - a potion of mutation {unknown}
 D - 10 potions of ambrosia {unknown}
 E - 2 potions of invisibility {unknown}


   Skills:
 - Level 3.2 Fighting
 - Level 14.0 Staves
 - Level 3.2 Armour
 + Level 11.3 Shields


You had 10 spell levels left.
You didn't know any spells.
Your spell library contained the following spells:

 Spells                   Type           Power        Failure   Level
 Shock                    Conj/Air       #...         100%        1
 Static Discharge         Conj/Air       #.......     100%        3
 Airstrike                Air            #.........   100%        4
 Bolt of Magma            Conj/Fire/Erth #.........   100%        5
 Iskenderun's Battlesphe  Conj           #.......     100%        5
 Lightning Bolt           Conj/Air       #.........   100%        5
 Iron Shot                Conj/Erth      #.........   100%        6
 Orb of Destruction       Conj           #.........   100%        7
 Spellforged Servitor     Conj/Summ      #.........   100%        7
 Swiftness                Air            Unusable     N/A         2

Dungeon Overview and Level Annotations

Branches:
Dungeon (10/15)            Temple (1/1) D:5             Orc (0/2) D:9
  Sewer (visited)         Ossuary (visited)
   Lair: D:8-11

Altars:
Ashenzari
Cheibriados
Dithmenos
Elyvilon
Fedhas
Gozag
Hepliaklqana
Kikubaaqudgha
Makhleb
Nemelex Xobeh
Okawaru
Qazlal
Ru
Sif Muna
Trog
Uskayaw
Vehumet
Wu Jian
Xom
Yredelemnul
Zin
The Shining One

Annotations:
D:10 Snorg


Innate Abilities, Weirdness & Mutations

You cannot be hasted, slowed, berserked, paralysed or teleported.
You can dig through walls and to a lower floor.
Your four strong arms can wield two-handed weapons with a shield.
You have a pair of large antennae on your head. (SInv)


Message History

The vampire gestures wildly while chanting.
The vampire flickers and vanishes for a moment.
You slash Snorg!
Snorg is moderately wounded.
You block the unseen horror's attack. You block Snorg's attack.
Snorg claws you but does no damage. Snorg claws you. Snorg bites you!
You block Snorg's attack. Snorg closely misses you.
You slice Snorg!!
Snorg is heavily wounded.
You block the unseen horror's attack. x2; Snorg bites you!
* * * LOW HITPOINT WARNING * * *
Snorg misses you. Snorg claws you.
* * * LOW HITPOINT WARNING * * *
An orc warrior comes into view. It is wielding a +0 morningstar.
The orc warrior shouts!
You slice Snorg!!
Snorg is heavily wounded.
You block the unseen horror's attack. Snorg bites you but does no damage.
You block Snorg's attack. Snorg claws you!
You die...

#.###.#............##..
#.....##....###########
#......#....### #.....
#...#..#......# #.....
#......#....<.# #.....
#......#......# #..###
#....<.#..?..## #. ..
#......#.....# # +#
#.....@'.....#
#..##Tx#.....#
#......####'##
#........x..# .
#.#...V.....# .
#.#....o....#
#...........# ###..
#.....o###### #....###
#......' #....#..


You could see Snorg (berserk), an unseen horror (invisible), a vampire
(invisible), an orc warrior and an orc.

Vanquished Creatures
  A two-headed ogre (D:10)
  2 trolls
  A queen bee (D:9)
  Grinder (Sewer)
  5 yaks (D:9)
  A water moccasin (D:9)
  A soldier ant (D:10)
  3 orc warriors
  3 sky beasts
  A necrophage (D:10)
  A centaur (D:10)
  3 phantoms
  7 ogres
  A crocodile (D:9)
  2 big kobolds (Sewer)
  3 bullfrogs
  A water moccasin zombie (D:8)
  4 scorpions
  33 killer bees
  5 wights (D:10)
  A howler monkey (D:8)
  A bullfrog zombie (D:8)
  A quasit (D:10)
  3 hounds
  A bullfrog skeleton (D:7)
  9 orc priests
  3 jellies
  An iron imp (D:8)
  5 iguanas
  4 orc wizards
  4 worker ants
  A killer bee zombie (D:10)
  2 big kobold zombies (Sewer)
  A hound skeleton (D:5)
  12 mummies (Ossuary)
  3 worker ant zombies
  A gnoll (D:1)
  15 adders
  A howler monkey skeleton (D:6)
  4 shadow imps
  3 white imps
  7 ufetubi
  5 oozes
  An adder skeleton (D:6)
  5 worms
  2 dart slugs
  5 leopard geckos
  34 orcs
  8 giant cockroaches
  7 hobgoblins
  10 jackals
  8 quokkas
  2 ball pythons
  A bat (D:2)
  2 frilled lizards
  A gnoll skeleton (Ossuary)
  6 goblins
  3 goblin skeletons (Ossuary)
  A goblin zombie (D:8)
  21 kobolds
  2 kobold skeletons (Ossuary)
  3 kobold zombies (Sewer)
  A leopard gecko zombie (D:5)
  2 orc skeletons (Ossuary)
  A quokka zombie (D:8)
  8 rats
  11 rat skeletons (Ossuary)
312 creatures vanquished.

Notes
Turn   | Place    | Note
-------+----------+-------------------------------------------
     0 | D:1      | HoaS the Formicid Fighter began the quest for the Orb.
     0 | D:1      | Reached XP level 1. HP: 18/18 MP: 1/1
     5 | D:1      | You fall into a shaft and drop 1 floor!
     5 | D:2      | Found a shimmering blue altar of Sif Muna.
    12 | D:2      | Found a burning altar of Makhleb.
    16 | D:2      | Reached XP level 2. HP: 19/24 MP: 2/2
   159 | D:2      | Became a worshipper of Makhleb the Destroyer
   229 | D:2      | Reached skill level 3 in Staves
   229 | D:2      | Reached XP level 3. HP: 22/29 MP: 3/3
   447 | D:2      | Reached XP level 4. HP: 9/35 MP: 4/4
  1769 | D:2      | Found a stormy altar of Qazlal.
  1858 | D:2      | Reached skill level 4 in Staves
  1863 | D:2      | Reached * piety under Makhleb
  2011 | D:3      | Reached XP level 5. HP: 41/41 MP: 5/5
  2013 | D:3      | Found a sparkling altar of Nemelex Xobeh.
  2013 | D:3      | Found an ancient bone altar of Kikubaaqudgha.
  2014 | D:3      | Found a shimmering altar of Xom.
  2090 | D:3      | Noticed a moth of wrath
  2093 | D:3      | Found a bloodstained altar of Trog.
  2303 | D:3      | Reached skill level 5 in Shields
  2425 | D:3      | Found a blossoming altar of Fedhas.
  2838 | D:4      | Noticed an ogre
  2854 | D:4      | Killed an ogre
  2854 | D:4      | Reached skill level 5 in Staves
  2854 | D:4      | Reached XP level 6. HP: 42/47 MP: 6/6
  3251 | D:4      | Reached XP level 7. HP: 52/52 MP: 7/7
  3390 | D:5      | Entered Level 5 of the Dungeon
  3500 | D:5      | Reached skill level 6 in Staves
  3537 | D:5      | Found a basalt altar of Yredelemnul.
  3745 | D:5      | Found a glowing drain.
  3763 | D:5      | Reached ** piety under Makhleb
  3778 | Sewer    | Entered a sewer
  4082 | Sewer    | Found an ancient bone altar of Kikubaaqudgha.
  4200 | Sewer    | Reached skill level 7 in Staves
  4200 | Sewer    | Reached XP level 8. HP: 53/58 MP: 8/8
  4260 | Sewer    | Noticed Grinder
  4279 | Sewer    | Reached *** piety under Makhleb
  4284 | Sewer    | Killed Grinder
  4491 | D:5      | Reached skill level 8 in Staves
  4636 | D:5      | Found a staircase to the Ecumenical Temple.
  4728 | D:5      | Found an ornate altar of the Wu Jian Council.
  4911 | Temple   | Entered the Ecumenical Temple
  5646 | D:7      | Noticed a troll
  5661 | D:7      | Killed a troll
  5661 | D:7      | Reached XP level 9. HP: 31/64 MP: 9/9
  5664 | D:7      | Reached skill level 9 in Staves
  6071 | D:7      | Reached **** piety under Makhleb
  6078 | D:7      | Found a white marble altar of Elyvilon.
  6380 | D:8      | Found a sand-covered staircase.
  6427 | Ossuary  | Entered an ossuary
  6557 | Ossuary  | Reached skill level 10 in Staves
  6938 | D:8      | Reached ***** piety under Makhleb
  7097 | D:8      | Found an opulent altar of Gozag.
  7097 | D:8      | Found a glowing silver altar of Zin.
  7180 | D:8      | Found a snail-covered altar of Cheibriados.
  7198 | D:8      | Reached skill level 11 in Staves
  7198 | D:8      | Reached XP level 10. HP: 64/70 MP: 10/10
  7665 | D:9      | Reached skill level 12 in Staves
  7890 | D:9      | Found a staircase to the Orcish Mines.
  8564 | D:9      | Reached skill level 13 in Staves
  9172 | D:9      | Reached XP level 11. HP: 74/75 MP: 11/11
  9387 | D:10     | Entered Level 10 of the Dungeon
  9413 | D:10     | Found an iron altar of Okawaru.
  9443 | D:10     | Noticed Snorg
  9485 | D:10     | Noticed a two-headed ogre
  9488 | D:10     | Reached skill level 14 in Staves
  9500 | D:10     | Killed a two-headed ogre
  9500 | D:10     | Reached skill level 10 in Shields
 10231 | D:10     | Noticed an unseen horror
 10253 | D:10     | HP: 1/74 [Snorg (4)]
 10254 | D:10     | Mangled by Snorg

Illustrated notes

Levels and vault maps discovered:
D:1:      lightli_arrival_windingriver, layout_basic,
          minmay_misc_feat_four_crosses
D:2:      layout_basic, led_sif_pool, lemuel_doored_altar,
          overflow_temple_1_default
D:3:      layout_rooms, fedhas_ov_isle_minmay, tgw_trog,
          grunt_temple_overflow_open, dk_noncrumbling_4
D:4:      layout_rooms
D:5:      layout_basic, lemuel_crystal_altar, marbit_many_paths, temple_hall,
          portal_sewer_entry_f
D:6:      layout_cave_pools
D:7:      layout_rooms, basic_altar, kennysheep_windowed_goal
D:8:      layout_loops_ring, grunt_temple_overflow_gold_and_silver,
          slow_altar_1, enter_ossuary_4
D:9:      layout_loops_ring, erik_orc_3, special_room [special_room_bee]
D:10:     layout_stronghold, serial_column_ruins, column_ruins_temple_circle,
          column_ruins_circle_small, column_ruins_open_small,
          column_ruins_columns_straight, column_ruins_open_large,
          column_ruins_corridor_T, chequers_serial_rivers_micro_b, uniq_snorg
Temple:   jpeg_temple_island

Skill      XL: |  1  2  3  4  5  6  7  8  9 10 11 |
---------------+----------------------------------+-----
Shields        | 4 5 6 8 9 11 | 11.3
Staves         | 3 4 5 7 8 11 13 14 | 14.0
Fighting       | |  3.2
Armour         | |  3.2

Action                   |  1- 3 |  4- 6 |  7- 9 | 10-12 || total
-------------------------+-------+-------+-------+-------++-------
Melee: Quarterstaff      |    41 |   237 |   570 |   455 ||  1303
       Lajatang          |       |       |       |   117 ||   117
 Abil: Dig               |     2 |     2 |     2 |     2 ||     8
Evoke: Wand              |       |       |     3 |     5 ||     8
  Use: Scroll            |     1 |     9 |    10 |     1 ||    21
       Potion            |       |       |     1 |     1 ||     2
Armor: Scale mail        |    15 |    37 |       |       ||    52
       Chain mail        |       |    20 |   131 |       ||   151
       Plate armour      |       |       |     8 |    96 ||   104
Dodge: Dodged            |    16 |    41 |    80 |    51 ||   188
Block: Kite shield       |    15 |   135 |   357 |   255 ||   762
       Reflection        |       |       |    10 |     8 ||    18
       Tower shield      |       |       |       |   150 ||   150

Table legend: (Time is in decaauts)
 A = Elapsed time spent in this place.
 B = Non-inter-level travel time spent in this place.
 C = Inter-level travel time spent in this place.
 D = Time resting spent in this place.
 E = Time spent auto-exploring this place.
 F = Levels seen in this place.
 G = Mean time per level.
                   A        B        C        D        E       F      G
               +--------+--------+--------+--------+--------+-----+--------+
         Total |  10089 |   9604 |    485 |   1148 |   5957 |  13 |  776.1 |
       Dungeon |   8828 |   8371 |    457 |   1127 |   5146 |  10 |  882.8 |
        Temple |    264 |    236 |     28 |      0 |    235 |   1 |  264.0 |
         Sewer |    650 |    650 |      0 |     21 |    382 |   1 |  650.0 |
       Ossuary |    345 |    345 |      0 |      0 |    193 |   1 |  345.0 |
               +--------+--------+--------+--------+--------+-----+--------+

Top non-repeatable levels by time:
     D:9: 1818 daAuts
     D:2: 1229 daAuts
     D:5: 934 daAuts
     D:3: 828 daAuts
     D:1: 773 daAuts
    D:10: 767 daAuts
     D:8: 748 daAuts
     D:7: 667 daAuts
   Sewer: 650 daAuts
     D:4: 603 daAuts
     D:6: 457 daAuts
 Ossuary: 345 daAuts
  Temple: 264 daAuts
